 Dungeon Crawl Stone Soup version 0.19.1-1-g22dce08 (webtiles) character file.

101 Jerry the Grave Robber (level 4, 0/33 HPs)
             Began as a Demigod Necromancer on Jan 2, 2017.
             Succumbed to Sigmund's poison
             ... on level 2 of the Dungeon.
             The game lasted 00:07:44 (2054 turns).

Jerry the Grave Robber (Demigod Necromancer)        Turns: 2054, Time: 00:07:44

Health: 0/33       AC:  2    Str: 11    XL:     4   Next: 24%
Magic:  9/10       EV: 13    Int: 21    God:
Gold:   105        SH:  0    Dex: 16    Spells: 2 memorised, 6 levels left

rFire  + . .     SeeInvis .     g - +0 hunting sling
rCold  + . .     Gourm    .     a - +0 robe
rNeg   . . .     Faith    .     (no shield)
rPois  +         Spirit   .     (no helmet)
rElec  +         Reflect  .     (no cloak)
rCorr  +         Harm     .     (no gloves)
MR     .....                    (no boots)
Stlth  ++........               (no amulet)
                                (no ring)
                                (no ring)

@: lethally poisoned (0 -> -9), resistant, very slightly contaminated, hasted,
very quick
A: high mp 1
a: no special abilities


You were on level 2 of the Dungeon.
You were hungry.

You visited 1 branch of the dungeon, and saw 3 of its levels.

You collected 105 gold pieces.

Inventory:

Hand Weapons
 d - a +0 short sword
 g - a +0 hunting sling (weapon)
Missiles
 h - 31 stones (quivered)
Armour
 a - a +0 robe (worn)
 e - a +0 helmet
 m - a +0 leather armour
Scrolls
 f - 2 scrolls of remove curse {unknown}
 k - a scroll of blinking {unknown}
Potions
 l - a potion of agility
Books
 b - a book of Necromancy

   Spells                             Type                      Level
   a - Pain                           Necromancy                   1
   b - Animate Skeleton               Necromancy                   1
   c - Vampiric Draining              Necromancy                   3
   d - Regeneration                   Charms/Necromancy            3
   e - Animate Dead                   Necromancy                   4
   f - Control Undead                 Necromancy                   4
Comestibles
 c - 2 bread rations
 j - 3 slices of pizza
 n - a royal jelly


   Skills:
 + Level 2.8 Dodging
 - Level 1.7 Stealth
 + Level 2.7 Spellcasting
 + Level 4.2 Necromancy


You had 6 spell levels left.
You knew the following spells:

 Your Spells              Type           Power        Failure   Level  Hunger
a - Pain                  Necr           ###.         2%          1    None
b - Animate Skeleton      Necr           N/A          2%          1    None


Dungeon Overview and Level Annotations

Branches:
Dungeon (3/15)

Annotations:
D:2 Sigmund


Innate Abilities, Weirdness & Mutations

You have an increased reservoir of magic. (+10% MP)


Message History

You feel protected.
* * * LOW HITPOINT WARNING * * *
You feel sick.
You feel yourself speed up.
* * * LOW HITPOINT WARNING * * *
You feel sick.
You hear some strange, mumbled words.
Something tries to affect you, but you resist.
You are very lightly contaminated with residual magic.
* * * LOW HITPOINT WARNING * * *
You feel sick.
A puff of flame appears from out of thin air!
The puff of flame hits you! You resist.
* * * LOW HITPOINT WARNING * * *
* * * LOW HITPOINT WARNING * * *
You feel sick.
Found a meat ration, a scroll of identify and 20 poisoned needles.
Found an escape hatch in the ceiling.
A kobold comes into view. It is wielding a club.
You die...

####..#
#.....#...
#....>#
#.........
#.#####
#......... #.#
#......... #.#
#......... ##
#.# ######....
....###.########
#....
.<..........%...
#....
.#####..@....?..
#....
#..........
#####
#.......(..
#..........
#..........
#..........
#..K.......
#..........


You could see a kobold (sleeping).

Vanquished Creatures
  Ijyb (D:2)
  Robin (D:2)
  2 dart slugs (D:1)
  A leopard gecko (D:1)
  An orc (D:3)
  3 bats
  3 giant cockroaches (D:1)
  17 goblins
  4 hobgoblins
  2 jackals (D:1)
  3 frilled lizards (D:1)
  6 kobolds
  3 rats (D:1)
47 creatures vanquished.

Vanquished Creatures (collateral kills)
  An adder (D:2)
1 creature vanquished.

Grand Total: 48 creatures vanquished

Notes
Turn   | Place    | Note
-------+----------+-------------------------------------------
     0 | D:1      | Jerry the Demigod Necromancer began the quest for the Orb.
     0 | D:1      | Reached XP level 1. HP: 14/14 MP: 5/5
   292 | D:1      | Reached XP level 2. HP: 19/20 MP: 5/7
   295 | D:1      | Learned a level 1 spell: Animate Skeleton
   643 | D:1      | Reached skill level 4 in Necromancy
   933 | D:1      | Reached XP level 3. HP: 26/26 MP: 9/9
  1295 | D:2      | Noticed Robin
  1556 | D:2      | Noticed Sigmund
  1668 | D:2      | Killed Robin
  1940 | D:2      | Noticed Ijyb
  1950 | D:2      | Killed Ijyb
  1950 | D:2      | Reached XP level 4. HP: 25/33 MP: 6/10
  2052 | D:2      | HP: 1/33 [poisoned by Sigmund]
  2054 | D:2      | Succumbed to Sigmund's poison

Skill      XL: |  1  2 |
---------------+-------+-----
Dodging        | 2 |  2.8
Spellcasting   | 2 |  2.7
Necromancy     | 4 |  4.2
Stealth        | |  1.7

Action                   |  1- 3 |  4- 6 || total
-------------------------+-------+-------++-------
Melee: Short sword       |    47 |       ||    47
 Fire: Hunting sling     |    34 |    10 ||    44
 Cast: Pain              |    33 |     7 ||    40
       Animate Skeleton  |     7 |       ||     7
  Use: Scroll            |     2 |       ||     2
       Potion            |       |     2 ||     2
 Stab: Sleeping          |     3 |       ||     3
       Distracted        |     1 |       ||     1
  Eat: Chunk             |     3 |       ||     3
Armor: Robe              |     3 |     1 ||     4
Dodge: Dodged            |    53 |     3 ||    56
